 Dungeon Crawl Stone Soup version 0.27-a0-1200-g94dc6ad4cf (webtiles) character file.

Game seed: 13893917768314581849

7681 robertstho the Protected (level 11, -2/100 HPs)
             Began as a Minotaur Berserker on June 1, 2021.
             Was an Elder of Trog.
             Slain by a death knight
             ... wielding a +0 broad axe
              (18 damage)
             ... on level 11 of the Dungeon.
             The game lasted 00:13:23 (11287 turns).

robertstho the Protected (Minotaur Berserker)      Turns: 11287, Time: 00:13:23

Health: -2/100     AC: 18    Str: 25    XL:     11   Next: 0%
Magic:  10/10      EV:  8    Int:  5    God:    Trog [****..]
Gold:   200        SH:  0    Dex:  9    Spells: 10/10 levels left

rFire    + . .     SeeInvis .   P - +0 great sword
rCold    + . .     Faith    .   (shield currently unavailable)
rNeg     + . .     Spirit   .   m - +0 plate armour
rPois    .         Reflect  .   (helmet restricted)
rElec    .         Harm     .   N - scarf {rC+ rF+}
rCorr    .         Rampage  .   v - +0 pair of gloves
Will     +....                  n - +0 pair of boots
Stlth    ..........             (no amulet)
HPRegen  0.26/turn              c - ring of positive energy
MPRegen  0.12/turn              E - ring of willpower

@: on berserk cooldown, slowed, very slow
A: horns 2, retaliatory headbutt
a: Renounce Religion, Berserk, Trog's Hand, Brothers in Arms


You were on level 11 of the Dungeon.
You worshipped Trog.
Trog was greatly pleased with you.
You visited 1 branch of the dungeon, and saw 11 of its levels.

You collected 524 gold pieces.
You spent 324 gold pieces at shops.

Inventory:

Hand Weapons
 h - a +0 long sword
 L - a +0 scimitar
 P - a +0 great sword (weapon)
Missiles
 d - 4 throwing nets
Armour
 a - a +0 buckler
 l - a +2 cloak
 m - a +0 plate armour (worn)
 n - a +0 pair of boots (worn)
 v - a +0 pair of gloves (worn)
 M - a scarf of shadows
 N - a scarf of resistance (worn)
Jewellery
 c - a ring of positive energy (left hand)
 E - a ring of willpower (right hand)
 H - a ring of positive energy
 O - an amulet of guardian spirit
Wands
 y - a wand of acid (6)
 J - a wand of flame (21)
 K - a wand of paralysis (4)
Scrolls
 g - 6 scrolls of teleportation
 j - a scroll of brand weapon {unknown}
 k - a scroll of vulnerability
 r - a scroll of summoning {unknown}
 t - a scroll of holy word {unknown}
 u - 2 scrolls of blinking {unknown}
 w - a scroll of magic mapping {unknown}
 x - 2 scrolls of fog {unknown}
 A - 5 scrolls of identify
 B - 2 scrolls of noise {unknown}
 D - a scroll of torment {unknown}
 F - a scroll of silence {unknown}
 G - a scroll of amnesia {unknown}
Potions
 b - 2 potions of flight
 e - 4 potions of cancellation
 f - 3 potions of lignification {unknown}
 i - 6 potions of heal wounds
 o - 3 potions of attraction
 p - 2 potions of curing
 q - a potion of degeneration
 s - a potion of resistance {unknown}
 z - 2 potions of brilliance {unknown}
 C - a potion of haste
 I - 2 potions of mutation {unknown}


   Skills:
 * Level 10.2 Fighting
 + Level 12.0 Long Blades
 * Level 12.3 Armour
 + Level 3.2 Dodging
 + Level 1.1 Stealth
 + Level 4.2 Shields


You had 10 spell levels left.
You didn't know any spells.
Your spell library was empty.

Dungeon Overview and Level Annotations

Branches:
Dungeon (11/15)            Temple (0/1) D:6            Lair (0/6) D:8
    Orc: D:9-12

Altars:
Fedhas

Shops:
D:1 [((=   D:5 !


Innate Abilities, Weirdness & Mutations

You have a pair of horns on your head.
You reflexively headbutt those who attack you in melee.


Message History

You hack one of the eight-headed hydra's heads off!
The seven-headed hydra grows two more!
You chop the nine-headed hydra into pieces!!!
You kill the nine-headed hydra!
Trog accepts your kill.
Your Long Blades skill increases to level 12!
Your Stealth skill increases to level 1!
You have reached level 11!
An acid dragon comes into view.
The death knight hits you with a +0 broad axe!!
Found 19 stones and a scroll labelled XIHOED QANOTAI.
Found a stone staircase leading up.
You hit the death knight but do no damage.
The howler monkey hoots and howls with incredible vigour!
The death knight hits you with a +0 broad axe!
You slice the death knight!! Your headbutt misses the death knight.
The death knight is moderately wounded.
The death knight reflects your damage back at you!
You are no longer berserk.
You are exhausted.
You feel yourself slow down.
You closely miss the death knight. You headbutt the death knight.
The death knight is moderately wounded.
The death knight reflects your damage back at you!
The death knight hits you with a +0 broad axe.
The death knight hits you with a +0 broad axe!!
The howler monkey hits you but does no damage.
The death knight's dark mirror aura disappears.
The death knight hits you with a +0 broad axe!!
* * * LOW HITPOINT WARNING * * *
Your ogre goes berserk!
Trog will no longer gift you weapons.
The howler monkey hoots and howls with incredible vigour!
The death knight calls down the wrath of Yredelemnul upon you.
Your body is wracked with pain!
* * * LOW HITPOINT WARNING * * *
Unknown command.
Your ogre rages.
The death knight hits you with a +0 broad axe!!
You die...

.......####..........# .
#......).##..........#..
#.....##.##............
......##.##.........(#
.#######.# #........#
.....# #.####...h..#
.###.###....# #D#
.........##.####p#
..<......##...##@###
.........###....O..#
#........###.......#
#...................#
#.........##........#
###.#.##...#........#
.......?.#..###).....#
.##...#####..........#
####..#########.....#[


You could see a death knight (ally target), an acid dragon, a howler monkey and
a friendly ogre (summoned, berserk).

Vanquished Creatures
  A hydra (D:11)
  A boulder beetle (D:11)
  A two-headed ogre (D:8)
  Joseph (D:9)
  A wraith (D:10)
  A wyvern (D:9)
  A steam dragon (D:6)
  An acid dragon (D:10)
  A water moccasin (D:5)
  4 orc warriors
  A sky beast (D:5)
  2 necrophages
  5 centaurs
  2 gnoll sergeants
  A kobold brigand (D:6)
  4 bullfrogs
  A wyvern skeleton (D:5)
  6 scorpions
  A water moccasin zombie (D:5)
  5 killer bees (D:9)
  16 wights
  An electric eel (D:6)
  3 centaur zombies
  Crazy Yiuf (D:4)
  5 hounds
  3 jellies
  6 orc priests
  Jessica (D:3)
  5 iguanas
  8 orc wizards
  A scorpion zombie (D:5)
  A killer bee zombie (D:6)
  A hound skeleton (D:4)
  A howler monkey zombie (D:7)
  Robin (D:3)
  9 gnolls
  8 adders
  A worm (D:4)
  An adder skeleton (D:4)
  3 dart slugs
  35 orcs
  8 ball pythons
  5 endoplasms
  5 giant cockroaches
  17 goblins
  8 hobgoblins
  4 jackals (D:2)
  5 quokkas
  6 bats
  2 frilled lizards
  7 kobolds
  2 rats (D:1)
221 creatures vanquished.

Vanquished Creatures (collateral kills)
  A boulder beetle (D:11)
1 creature vanquished.

Vanquished Creatures (others)
  An orc wizard (D:8)
1 creature vanquished.

Grand Total: 223 creatures vanquished

Notes
Turn   | Place    | Note
-------+----------+-------------------------------------------
     0 | D:1      | robertstho the Minotaur Berserker began the quest for the
                  | Orb.
     0 | D:1      | Reached XP level 1. HP: 19/19 MP: 0/0
    32 | D:1      | Found Nemymp's Jewellery Shop.
    52 | D:1      | Found a faded altar of an unknown god.
    64 | D:1      | Reached XP level 2. HP: 20/27 MP: 1/1
   219 | D:1      | You fall into a shaft and drop 1 floor!
   420 | D:2      | Reached ** piety under Trog
   507 | D:2      | Reached XP level 3. HP: 33/34 MP: 2/2
   933 | D:1      | Found Okhlicyev's Antique Weapon Shoppe.
   999 | D:1      | Found Vauris's Antique Armour Shoppe.
  1081 | D:1      | Found Dupnutof's Weapon Boutique.
  1726 | D:3      | Reached XP level 4. HP: 39/41 MP: 3/3
  1833 | D:3      | Noticed Robin
  1854 | D:3      | Killed Robin
  2051 | D:3      | Noticed Jessica
  2055 | D:3      | Killed Jessica
  2056 | D:3      | Reached skill level 5 in Fighting
  2056 | D:3      | Reached XP level 5. HP: 48/48 MP: 4/4
  2103 | D:3      | Reached *** piety under Trog
  2630 | D:4      | Reached skill level 5 in Long Blades
  2864 | D:4      | Reached XP level 6. HP: 56/56 MP: 5/5
  3122 | D:4      | Found a runed translucent door.
  3123 | D:4      | Noticed Crazy Yiuf
  3371 | D:4      | Killed Crazy Yiuf
  3372 | D:4      | Reached skill level 1 in Shields
  3553 | D:5      | Entered Level 5 of the Dungeon
  3563 | D:5      | Reached skill level 5 in Armour
  3670 | D:5      | Reached XP level 7. HP: 63/63 MP: 6/6
  3692 | D:5      | Found Siseamuti's Distillery.
  3833 | D:5      | Bought a potion of attraction for 33 gold pieces
  3833 | D:5      | Bought a potion of curing for 33 gold pieces
  3833 | D:5      | Bought a potion of heal wounds for 55 gold pieces
  3833 | D:5      | Bought a potion of degeneration for 11 gold pieces
  4383 | D:5      | Reached **** piety under Trog
  4384 | D:5      | Reached XP level 8. HP: 71/71 MP: 7/7
  5953 | D:7      | Reached XP level 9. HP: 81/81 MP: 8/8
  6360 | D:8      | Found a staircase to the Lair.
  7096 | D:8      | Noticed a two-headed ogre
  7104 | D:8      | Killed a two-headed ogre
  7105 | D:8      | Reached skill level 10 in Long Blades
  7314 | D:9      | Reached skill level 10 in Armour
  7666 | D:9      | Noticed Joseph
  7683 | D:9      | Killed Joseph
  7684 | D:9      | Reached XP level 10. HP: 91/91 MP: 9/9
  8688 | D:10     | Entered Level 10 of the Dungeon
  8910 | D:10     | Reached ***** piety under Trog
  9056 | D:10     | Found a blossoming altar of Fedhas.
  9977 | D:1      | Bought a glowing scarf for 192 gold pieces
 10396 | D:6      | Found a staircase to the Ecumenical Temple.
 10659 | D:11     | Noticed a boulder beetle
 10679 | D:11     | Killed a boulder beetle
 10923 | D:11     | Noticed a boulder beetle
 10940 | D:11     | Killed a boulder beetle
 10941 | D:11     | Reached skill level 10 in Fighting
 11271 | D:11     | Noticed a four-headed hydra
 11273 | D:11     | Noticed a death knight
 11280 | D:11     | Killed a nine-headed hydra
 11281 | D:11     | Reached skill level 1 in Stealth
 11281 | D:11     | Reached XP level 11. HP: 100/100 MP: 10/10
 11287 | D:11     | Slain by a death knight

Illustrated notes

Levels and vault maps discovered:
D:1:      lightli_arrival_farm, layout_rooms, serial_shops, nicolae_shop_stone,
          shop, shop, nicolae_shop_overgrown_old_shop,
          shapermc_ecumenical_altar_venn
D:2:      layout_loops_ring
D:3:      layout_basic, minmay_crystal_room, guppyfry_early_lair_pool,
          uniq_robin, uniq_jessica
D:4:      layout_rooms, uniq_crazy_yiuf_cottage
D:5:      layout_loops_cross, serial_shops, nicolae_shop_stone
D:6:      cheibrodos_helix_gallery, layout_loops_cross,
          minmay_temple_entry_fiery, minmay_fountain_box, grunt_ministairs_6
D:7:      layout_rooms, hangedman_abyss_or_decor_stabs, kennysheep_potato
D:8:      layout_basic, dpeg_oklobed_lair, kennysheep_windowed_goal
D:9:      layout_stronghold, dk_vineyard_2, uniq_joseph
D:10:     layout_irregular_city, fedhas_altar_1, item_on_display_a
D:11:     layout_rooms, patterned_corridor

Skill      XL: |  1  2  3  4  5  6  7  8  9 10 |
---------------+-------------------------------+-----
Fighting       | 4 5 6 7 9 10 | 10.2
Long Blades    | 4 5 6 7 9 10 12 | 12.0
Armour         | 3 4 5 6 8 10 12 | 12.3
Shields        | 1 2 3 4 |  4.2
Dodging        | 3 |  3.2
Stealth        | 1 |  1.1

Action                   |  1- 3 |  4- 6 |  7- 9 | 10-12 || total
-------------------------+-------+-------+-------+-------++-------
Melee: Falchion          |    51 |       |       |       ||    51
       Headbutt          |    11 |    20 |    71 |    54 ||   156
       Long sword        |    31 |   118 |   275 |    89 ||   513
       Scimitar          |       |       |       |   112 ||   112
       Great sword       |       |       |       |     8 ||     8
Invok: Berserk           |     1 |     5 |     8 |     6 ||    20
       Trog's Hand       |       |     1 |       |     1 ||     2
       Brothers in Arms  |       |       |       |     2 ||     2
Evoke: Wand              |       |       |       |     1 ||     1
  Use: Scroll            |     2 |     2 |     1 |       ||     5
 Stab: Paralysed         |       |       |       |     5 ||     5
Armor: Animal skin       |     2 |       |       |       ||     2
       Scale mail        |    29 |    32 |       |       ||    61
       Chain mail        |       |    17 |       |       ||    17
       Plate armour      |       |    25 |   215 |    94 ||   334
Dodge: Dodged            |    55 |    48 |   101 |    55 ||   259
Block: Buckler           |     3 |    16 |    42 |    25 ||    86
       Rpst.: Falchion   |     9 |       |       |       ||     9
       Long sword        |     6 |    18 |    23 |    10 ||    57
       Scimitar          |       |       |       |     8 ||     8

Table legend: (Time is in decaauts)
 A = Elapsed time spent in this place.
 B = Non-inter-level travel time spent in this place.
 C = Inter-level travel time spent in this place.
 D = Time resting spent in this place.
 E = Time spent auto-exploring this place.
 F = Levels seen in this place.
 G = Mean time per level.
                   A        B        C        D        E       F      G
               +--------+--------+--------+--------+--------+-----+--------+
         Total |  11523 |  10616 |    907 |    922 |   8182 |  11 | 1047.5 |
       Dungeon |  11523 |  10616 |    907 |    922 |   8182 |  11 | 1047.5 |
               +--------+--------+--------+--------+--------+-----+--------+

Top non-repeatable levels by time:
     D:9: 1524 daAuts
     D:8: 1297 daAuts
     D:5: 1281 daAuts
     D:6: 1240 daAuts
    D:10: 1092 daAuts
     D:3: 1087 daAuts
     D:1: 1016 daAuts
     D:4: 903 daAuts
     D:2: 870 daAuts
    D:11: 639 daAuts
     D:7: 569 daAuts
